 Adventure DCSS version bcrawl-1.27.3 (webtiles) character file.

Game seed: 15795130431421820169

245920 galech the Skirmisher (level 5, 31/42 HPs)
             Began as a Demonspawn Fighter on Aug 3, 2020.
             Quit the game on level 2 of the Dungeon.
             The game lasted 00:01:40 (1242 turns).

galech the Skirmisher (Demonspawn Fighter)          Turns: 1242, Time: 00:01:40

Health: 31/42      AC:  6    Str: 22    XL:     5   Next: 40%
Magic:  5/5        EV:  6    Int:  9    God:
Gold:   25         SH:  9    Dex: 13    Spells: 4/4 levels left
                                        Lives:  1   Deaths: 1

rFire    . . .     SeeInvis .   a - +0 war axe
rCold    . . .     Gourm    .   c - +0 medium shield
rNeg     . . .     Faith    .   b - +0 scale mail
rPois    .         Spirit   .   (helmet restricted)
rElec    .         Reflect  .   (no cloak)
rCorr    .         Harm     .   (no gloves)
MR       .....                  (no boots)
Stlth    ..........             (no amulet)
HPRegen  0.14/turn              (no ring)
MPRegen  0.09/turn              (no ring)

@: mighty
A: horns 1, talons 1, powered by pain 1
a: no special abilities


You were on level 2 of the Dungeon.
You were not hungry.

You visited 1 branch of the dungeon, and saw 2 of its levels.

You collected 25 gold pieces.

Inventory:

Hand Weapons
 a - a +0 war axe (weapon)
Armour
 b - a +0 scale mail (worn)
 c - a +0 medium shield (worn)
Scrolls
 h - a scroll of fog
 i - a scroll of noise {unknown}
 j - a scroll of teleportation {unknown}
 l - 2 scrolls of enchant armour {unknown}
 m - a scroll of blinking {unknown}
Potions
 d - a potion of might
 f - 2 potions of lignification {unknown}
 g - a potion of degeneration {unknown}
Comestibles
 e - 3 rations {!d}
 k - a chunk of flesh


   Skills:
 + Level 3.8 Fighting
 + Level 3.6 Axes
 + Level 3.4 Armour
 + Level 1.0 Dodging
 + Level 0.4 Stealth
 + Level 3.2 Shields


You had 4 spell levels left.
You didn't know any spells.
Your spell library was empty.

Dungeon Overview and Level Annotations

Branches:
Dungeon (2/12)

Altars:


Innate Abilities, Weirdness & Mutations

You have a pair of small horns on your head.
You have sharp toenails.
You sometimes gain a little power by taking damage.


Message History

Sigmund hits you but does no damage.
You feel less confused. You block Sigmund's attack.
You slash Sigmund!
Sigmund is heavily wounded.
You block Sigmund's attack.
You slice Sigmund!!
You kill Sigmund!
Your Axes skill increases to level 3!
Your Armour skill increases to level 3!
Your Dodging skill increases to level 1!
Welcome back to level 3!
You have reached level 4!
You feel stronger.
You feel monstrous as your demonic heritage exerts itself.
Your demonic ancestry asserts itself...
A pair of horns grows on your head!
You have reached level 5!
Your demonic ancestry asserts itself...
Your toenails lengthen and sharpen.
Are you sure you want to abandon this character and quit the game? (Confirm with "yes".)

..###### #..#......##...........
.......#####.....)...............
....##.........))....#.(.........
.##.########.##.#..#.............
.##.# ##.#...................
.##.#######..#..##.##............
.##............###....#..........
.###.(........?)....####.......<.
#>......>##.#@##.....<........
##.####.##..#.#####...........
#..###.#.....# #.####......
##.#.{w#....## #.# #......
#.#†##....# ###.#####.###.
#........# #.............
#...........................#
...........#...#####..........#
######^.#.### ######...###


There were no monsters in sight!

Vanquished Creatures
  Sigmund (D:2)
  2 worms (D:2)
  2 dart slugs (D:1)
  3 leopard geckos
  An orc (D:2)
  A giant cockroach (D:1)
  2 goblins
  3 hobgoblins
  6 jackals (D:1)
  8 bats (D:1)
  3 frilled lizards
  2 kobolds
  7 rats
41 creatures vanquished.

Notes
Turn   | Place    | Note
-------+----------+-------------------------------------------
     0 | D:1      | galech the Demonspawn Fighter began the quest for the Orb.
     0 | D:1      | Reached XP level 1. HP: 18/18 MP: 1/1
   294 | D:1      | Gained mutation: You sometimes gain a little power by
                  | taking damage. [demonic ancestry]
   294 | D:1      | Reached XP level 2. HP: 24/24 MP: 2/2
   553 | D:1      | Reached XP level 3. HP: 26/29 MP: 3/3
   982 | D:2      | Noticed Sigmund
   990 | D:2      | Slain by Sigmund
   991 | D:2      | Reached XP level 2. HP: -3/24 MP: 2/2
  1241 | D:2      | Killed Sigmund
  1241 | D:2      | Reached skill level 1 in Dodging
  1241 | D:2      | Reached XP level 3. HP: 22/30 MP: 3/3
  1241 | D:2      | Gained mutation: You have a pair of small horns on your
                  | head. [demonic ancestry]
  1241 | D:2      | Reached XP level 4. HP: 27/37 MP: 4/4
  1241 | D:2      | Gained mutation: You have sharp toenails. [demonic
                  | ancestry]
  1241 | D:2      | Reached XP level 5. HP: 31/42 MP: 5/5
  1242 | D:2      | Quit the game

Skill      XL: |  1  2 |
---------------+-------+-----
Axes           | 3 |  3.6
Shields        | 3 |  3.2
Armour         | 3 |  3.4
Dodging        | 1 |  1.0
Fighting       | |  3.8
Stealth        | |  0.4

Action                   |  1- 3 |  4- 6 || total
-------------------------+-------+-------++-------
Melee: War axe           |   161 |       ||   161
  Use: Potion            |     2 |       ||     2
       Scroll            |     1 |       ||     1
  Eat: Chunk             |     5 |       ||     5
Armor: Scale mail        |   110 |       ||   110
Dodge: Dodged            |    45 |       ||    45
Block: Medium shield     |   108 |       ||   108
